[Event "Team 45 45 League T51"]
[Site "Internet Chess Club"]
[Date "2011.11.25"]
[Round "3"]
[White "cmarler"]
[Black "drsigmund1"]
[Result "1-0"]
[WhiteElo "1458"]
[BlackElo "1356"]
[Opening "Giuoco Piano: four knights variation"]
[ECO "C55"]
[Time "19:00:30"]
[TimeControl "2700+45"]

1. e4 e5 2. Nf3 Nc6 3. Bc4 Nf6 4. Nc3 Bc5 5. O-O d6 6. h3 O-O 7. d3 h6 8. a3 Bd7
9. Be3 Na5 10. Ba2 Bxe3 11. fxe3 Nc6 12. b4 a6 13. Rb1 b5 14. d4 Qe7 15. Nd5
Nxd5 16. exd5 Nd8 17. dxe5 dxe5 18. e4 Nb7 19. Qd3 Nd6 20. Rfe1 f5 21. Qc3 Rfe8
22. exf5 e4 23. Re3 Be6 24. dxe6 Rac8 25. Nd4 Kh8 26. Bd5 Qf6 27. Bxe4 Nc4 28.
Rd3 c5 29. bxc5 Rxc5 30. Ne2 Qe7 31. Rd7 Qf6 32. Qxf6 gxf6 33. Nf4 Nxa3 34. Ng6+
Kg8 35. Rc1 Nc4 36. Bf3 Ne5 37. Nxe5 Rxe5 38. g4 a5 39. Ra7 b4 40. Bc6 Rc8 41.
Ba4 Rc3 42. e7 Rxh3 43. e8=Q+ Rxe8 44. Bxe8 Ra3 45. Kf2 Ra2 46. Kf3 Ra3+ 47. Kf4
Rc3 48. Rxa5 b3 49. Ba4 b2 50. Rb1 Rc4+ 51. Kf3 Rb4 52. Bb3+ Kf8 53. Rxb2 {Black
resigns} 1-0

[Event "Team 45 45 League T51"]
[Site "Internet Chess Club"]
[Date "2011.11.26"]
[Round "3"]
[White "dabodhi"]
[Black "dpmdpm"]
[Result "0-1"]
[WhiteElo "1207"]
[BlackElo "1449"]
[Opening "King's Indian: Torre attack"]
[ECO "A48"]
[Time "14:33:33"]
[TimeControl "2700+45"]

1. d4 Nf6 2. Nf3 g6 3. Bg5 Bg7 4. Nbd2 O-O 5. e4 d6 6. c3 h6 7. Bf4 Nbd7 8. Qb3
c5 9. e5 dxe5 10. dxe5 Nh5 11. Be3 Nxe5 12. Nxe5 Bxe5 13. Bxh6 Bg7 14. Bxg7 Nxg7
15. Rd1 Qb6 16. Qc2 Bf5 17. Bd3 Qe6+ 18. Ne4 Bxe4 19. Bxe4 f5 20. O-O Qxe4 21.
Qb3+ Kh7 22. Rfe1 Qc6 23. Rxe7 Rfe8 24. Rf7 Rad8 25. Rxd8 Rxd8 26. h4 b6 27. c4
Qe6 28. Rxa7 Qe1+ 29. Kh2 Qxf2 30. Qc3 Qf4+ 31. Kh3 Qg4+ 32. Kh2 Qxh4+ 33. Qh3
Qxh3+ 34. Kxh3 Rd4 35. b3 Kh6 36. Rb7 Rd6 37. a4 Rd3+ 38. Kh4 Rxb3 39. a5 g5#
{White checkmated} 0-1

[Event "Team 45 45 League T51"]
[Site "Internet Chess Club"]
[Date "2011.11.24"]
[Round "3"]
[White "mongmong"]
[Black "zigzag2002"]
[Result "0-1"]
[WhiteElo "1585"]
[BlackElo "1814"]
[Opening "Queen's pawn game"]
[ECO "D02"]
[Time "12:31:05"]
[TimeControl "2700+45"]

1. d4 d5 2. Nf3 e6 3. e3 c5 4. c3 Nc6 5. Bd3 Nf6 6. Nbd2 Bd6 7. O-O O-O 8. Qe2
e5 9. dxc5 Bxc5 10. e4 Bg4 11. exd5 Nxd5 12. Nb3 Bb6 13. Be3 Nxe3 14. fxe3 f5
15. h3 Bh5 16. Bc4+ Kh8 17. Qe1 f4 18. Ng5 Qxg5 {White resigns} 0-1

[Event "Team 45 45 League T51"]
[Site "Internet Chess Club"]
[Date "2011.11.29"]
[Round "3"]
[White "cys456"]
[Black "seattleblues"]
[Result "1-0"]
[WhiteElo "1619"]
[BlackElo "1496"]
[Opening "Caro-Kann defense"]
[ECO "B10"]
[Time "20:01:03"]
[TimeControl "2700+45"]

1. e4 c6 2. Nf3 d5 3. e5 Bf5 4. d4 e6 5. c3 c5 6. Be2 cxd4 7. cxd4 Nc6 8. O-O
Nge7 9. Nc3 Bg6 10. Bg5 Qc7 11. Nb5 Qb6 12. Nd6+ Kd7 13. b3 Nf5 14. Nxf5 Bxf5
15. Be3 Kc7 16. Nh4 Bg6 17. f4 f5 18. exf6 gxf6 19. f5 exf5 20. Nxf5 Re8 21. Qd2
Kb8 22. a3 Bxf5 23. Rxf5 Qxb3 24. Rf3 Qb6 25. Rff1 Qd8 26. Rfb1 Re4 27. Ba6 b6
28. Bb5 Na5 29. Bf4+ Bd6 30. Be3 h5 31. Bd3 Nc4 32. Bxc4 dxc4 33. a4 Rh4 34. g3
Rg8 35. Qg2 Rhg4 36. a5 h4 37. axb6 axb6 38. Qa8+ Kc7 39. Ra7# {Black
checkmated} 1-0

[Event "Team 45 45 League T51"]
[Site "Internet Chess Club"]
[Date "2011.11.27"]
[Round "3"]
[White "MichaelJames"]
[Black "chesschessboy"]
[Result "0-1"]
[WhiteElo "1336"]
[BlackElo "1364"]
[Opening "Ruy Lopez: Berlin defense, open variation"]
[ECO "C67"]
[Time "19:32:21"]
[TimeControl "2700+45"]

1. e4 e5 2. Nf3 Nc6 3. Bb5 Nf6 4. O-O Nxe4 5. Bxc6 dxc6 6. Nxe5 Bd6 7. Nf3 O-O
8. d3 Nf6 9. Bg5 h6 10. Bh4 Bg4 11. Nc3 Be7 12. Re1 Re8 13. Re3 Nd5 14. Nxd5
cxd5 15. Bxe7 Rxe7 16. Rxe7 Qxe7 17. Qd2 Bxf3 18. gxf3 Qf6 19. Qe3 Qxb2 20. Qc1
Qxc1+ 21. Rxc1 Rd8 22. Re1 Kf8 23. Kg2 Rd6 24. Kg3 Rb6 25. Re5 c6 26. c4 dxc4
27. dxc4 Rb2 28. Ra5 a6 29. h4 Ke7 30. f4 Kd6 31. c5+ Kd5 32. Kf3 Rc2 33. h5
Rxc5 34. Rxc5+ Kxc5 35. Ke4 Kd6 36. f5 b5 37. f4 c5 38. f6 gxf6 39. Kf5 Ke7 40.
Ke4 Ke6 41. f5+ Kd6 42. a3 a5 43. Kd3 Ke5 44. a4 bxa4 45. Kc4 Kxf5 46. Kxc5
{White resigns} 0-1

[Event "Team 45 45 League T51"]
[Site "Internet Chess Club"]
[Date "2011.11.26"]
[Round "3"]
[White "Joeohio"]
[Black "Conjurer"]
[Result "1-0"]
[WhiteElo "1478"]
[BlackElo "1400"]
[Opening "Sicilian: Grand Prix attack"]
[ECO "B23"]
[Time "13:05:26"]
[TimeControl "2700+45"]

1. e4 c5 2. Nc3 Nc6 3. f4 g6 4. Bc4 Bg7 5. d3 e6 6. Nf3 Nf6 7. O-O O-O 8. Qe1 d5
9. Bb3 a6 10. Qh4 b5 11. a3 c4 12. Ba2 Bb7 13. Ng5 h6 14. Nf3 Rc8 15. f5 Re8 16.
fxg6 fxg6 17. Bxh6 dxe4 18. dxe4 Nh5 19. Bg5 Qb6+ 20. Kh1 Nd4 21. g4 Nxf3 22.
Rxf3 Bxe4 23. Nxe4 Bxb2 24. Rb1 Qd4 25. gxh5 {Black resigns} 1-0

[Event "Team 45 45 League T51"]
[Site "Internet Chess Club"]
[Date "2011.11.27"]
[Round "3"]
[White "mrmarck"]
[Black "otib2006"]
[Result "0-1"]
[WhiteElo "1290"]
[BlackElo "1278"]
[Opening "Queen's pawn game"]
[ECO "E10"]
[Time "10:01:24"]
[TimeControl "2700+45"]

1. d4 Nf6 2. c4 e6 3. Nf3 Be7 4. e3 O-O 5. Bd3 d5 6. O-O Nc6 7. cxd5 Nxd5 8. Bd2
Bb4 9. Nc3 b6 10. a3 Bd6 11. Nxd5 exd5 12. Qc2 f5 13. Qxc6 Bd7 14. Qxd5+ Kh8 15.
Rac1 Qf6 16. b4 Be6 17. Qc6 Rac8 18. Bc4 Bxc4 19. Qxc4 c5 20. bxc5 bxc5 21. Qa6
Bxh2+ {White resigns} 0-1

[Event "Team 45 45 League T51"]
[Site "Internet Chess Club"]
[Date "2011.11.27"]
[Round "3"]
[White "malihini"]
[Black "jjaillet2007"]
[Result "0-1"]
[WhiteElo "1223"]
[BlackElo "1329"]
[Opening "French: King's Indian attack"]
[ECO "C00"]
[Time "19:00:40"]
[TimeControl "2700+45"]

1. e4 e6 2. d3 d5 3. Be2 c5 4. f4 Nc6 5. e5 Nge7 6. Nf3 Nf5 7. O-O Be7 8. c3 O-O
9. d4 cxd4 10. cxd4 Qb6 11. Qb3 Qxb3 12. axb3 Nfxd4 13. Bd1 Bc5 14. Be3 Nxf3+
15. Rxf3 d4 16. Bf2 b6 17. Nd2 Bb7 18. Ne4 Nxe5 19. fxe5 Bxe4 20. Rf4 Bf5 21.
Bxd4 Bxd4+ 22. Rxd4 Rfd8 23. Rc4 a5 24. Rac1 g5 25. g4 Bg6 26. Rc7 b5 27. Bf3
Rab8 28. Bb7 Kg7 29. R1c5 Rd1+ 30. Kf2 Rd2+ 31. Ke3 Rxb2 32. Rxb5 Rxh2 33. Rxa5
Rh3+ 34. Kf2 Rxb3 35. Ra7 Rb5 36. Be4 Bxe4 37. Rxf7+ Kg8 38. Rg7+ Kh8 39. Rxg5
Rf8+ 40. Ke3 Bg6 41. Re7 Rb6 42. Kd4 Rf7 43. Rxg6 Rxe7 {White resigns} 0-1

[Event "Team 45 45 League T51"]
[Site "Internet Chess Club"]
[Date "2011.11.29"]
[Round "3"]
[White "WzeroMN"]
[Black "WannaB"]
[Result "1-0"]
[WhiteElo "1091"]
[BlackElo "1083"]
[Opening "Sicilian: Hungarian variation"]
[ECO "B27"]
[Time "11:00:11"]
[TimeControl "2700+45"]

1. e4 c5 2. Nf3 g6 3. d4 e6 4. e5 Nc6 5. c3 cxd4 6. Nxd4 Nxd4 7. cxd4 Be7 8. Bc4
b5 9. Bd3 Bb7 10. O-O a6 11. Nc3 d6 12. Bf4 dxe5 13. Bxe5 f6 14. Bg3 Qxd4 15.
Bxg6+ Kd8 16. Qxd4+ Kc8 17. Be4 Bxe4 18. Qxe4 Rb8 19. Bxb8 Kxb8 20. Rad1 Bc5 21.
Qc6 {Black resigns} 1-0

[Event "Team 45 45 League T51"]
[Site "Internet Chess Club"]
[Date "2011.11.28"]
[Round "3"]
[White "chicopee-ed"]
[Black "mattphelps"]
[Result "1-0"]
[WhiteElo "1387"]
[BlackElo "1317"]
[Opening "QGD Slav"]
[ECO "D11"]
[Time "19:00:19"]
[TimeControl "2700+45"]

1. d4 d5 2. Nf3 Nf6 3. e3 c6 4. c4 e6 5. Nbd2 c5 6. cxd5 exd5 7. dxc5 Bxc5 8.
Nb3 Bb4+ 9. Bd2 Bxd2+ 10. Qxd2 O-O 11. Bd3 Nc6 12. h3 Be6 13. Nbd4 Nxd4 14. Nxd4
Rc8 15. O-O a6 16. Rac1 Qe7 17. Rxc8 Rxc8 18. Rc1 Qd7 19. Rxc8+ Qxc8 20. Qc2
Qxc2 21. Bxc2 g6 22. f3 h5 23. Kf2 h4 24. Ke2 Nh5 25. Kf2 Ng3 26. Kg1 Kg7 27. e4
dxe4 28. Nxe6+ fxe6 29. Bxe4 Nxe4 30. fxe4 Kf6 31. Kf2 Ke5 32. Ke3 b5 33. b4 Kd6
34. Kf4 g5+ 35. Kxg5 Ke5 36. Kxh4 Kxe4 37. g4 Ke5 38. g5 Kf5 39. Kh5 e5 40. g6
e4 41. g7 e3 42. g8=Q Kf4 43. Qg4+ {Black resigns} 1-0

[Event "Team 45 45 League T51"]
[Site "Internet Chess Club"]
[Date "2011.11.26"]
[Round "3"]
[White "kingsrook"]
[Black "Check101"]
[Result "1-0"]
[WhiteElo "1318"]
[BlackElo "1305"]
[Opening "King's Indian: London system"]
[ECO "A48"]
[Time "14:05:23"]
[TimeControl "2700+45"]

1. d4 Nf6 2. Nf3 g6 3. Bf4 d6 4. h3 Bg7 5. e3 O-O 6. c4 c5 7. Nc3 Na6 8. Be2 Nc7
9. O-O a6 10. b3 b5 11. cxb5 axb5 12. Nxb5 Nfd5 13. Nxc7 Qxc7 14. Qd2 Nxf4 15.
exf4 cxd4 16. Rfc1 Qb6 17. Bd3 Bb7 18. Qe2 Rfe8 19. Rc2 e5 20. fxe5 dxe5 21. Be4
Ba6 22. Qd2 Rac8 23. Rac1 f5 24. Bd5+ Kh8 25. Rxc8 Rxc8 26. Ng5 Bh6 27. Nf7+
{Black resigns} 1-0

[Event "Team 45 45 League T51"]
[Site "Internet Chess Club"]
[Date "2011.11.26"]
[Round "3"]
[White "Docvan"]
[Black "KidRattler"]
[Result "0-1"]
[WhiteElo "1207"]
[BlackElo "1276"]
[Opening "Giuoco Pianissimo"]
[ECO "C55"]
[Time "15:19:15"]
[TimeControl "2700+45"]

1. e4 e5 2. Nf3 Nc6 3. Bc4 Nf6 4. d3 Bc5 5. O-O O-O 6. c3 d6 7. b4 Bb6 8. a4 a5
9. Ba3 axb4 10. cxb4 Nd4 11. Ng5 Bd7 12. Nc3 c5 13. Nd5 Nxd5 14. Bxd5 Qxg5 15.
Bc1 Qg6 16. g3 Bg4 17. f3 Be6 18. Bxb7 Ra7 19. Bd5 Bxd5 20. exd5 cxb4 21. Kg2
Rc8 22. f4 Rc2+ 23. Bd2 Qxd3 24. Rf2 Nb3 25. Qe1 Bxf2 26. Qxf2 Rxd2 27. Rf1
Rxf2+ 28. Rxf2 Qxd5+ 29. Kh3 Rxa4 30. Rc2 h6 {White resigns} 0-1

[Event "Team 45 45 League T51"]
[Site "Internet Chess Club"]
[Date "2011.11.28"]
[Round "3"]
[White "kjs110"]
[Black "Mclintock45"]
[Result "0-1"]
[WhiteElo "1019"]
[BlackElo "853"]
[Opening "Giuoco Piano"]
[ECO "C50"]
[Time "09:30:11"]
[TimeControl "2700+45"]

1. e4 e5 2. Nf3 Nc6 3. Bc4 Bc5 4. O-O Nf6 5. d3 d6 6. a3 Ng4 7. Bg5 Qd7 8. Bh4
Nd4 9. Nxd4 Bxd4 10. c3 Bb6 11. h3 Nf6 12. Qf3 Qe7 13. Bb5+ Bd7 14. Bxd7+ Qxd7
15. Bxf6 gxf6 16. Qxf6 Rf8 17. Qh6 O-O-O 18. Qxh7 Rg8 19. Nd2 d5 20. d4 Rh8 21.
Qg7 exd4 22. cxd4 c6 23. exd5 Bc7 24. dxc6 Qd6 25. g3 bxc6 26. Nc4 Qe6 27. Rac1
Qxh3 28. Qxf7 Qh1# {White checkmated} 0-1

[Event "Team 45 45 League T51"]
[Site "Internet Chess Club"]
[Date "2011.11.27"]
[Round "3"]
[White "papricka205"]
[Black "PsyMar"]
[Result "0-1"]
[WhiteElo "1450"]
[BlackElo "1383"]
[Opening "Four knights: Italian variation"]
[ECO "C47"]
[Time "15:00:06"]
[TimeControl "2700+45"]

1. e4 Nf6 2. Nc3 e5 3. Nf3 Nc6 4. Bc4 Nxe4 5. Nxe4 d5 6. Bxd5 Qxd5 7. Nc3 Qd8 8.
O-O Bd6 9. Re1 O-O 10. d3 Bg4 11. h3 Bh5 12. Be3 Re8 13. Qe2 Nd4 14. g4 Nxe2+
15. Rxe2 Bg6 16. Rae1 Qd7 17. d4 e4 18. Nd2 f5 19. Kg2 f4 20. f3 exf3+ 21. Nxf3
fxe3 22. Rxe3 Rxe3 23. Rxe3 Re8 24. Re1 Rxe1 25. Nxe1 Qe6 26. Kf2 Qf6+ 27. Kg2
Qxd4 28. Nd3 Be4+ 29. Nxe4 Qxe4+ 30. Kf2 Bf4 31. a3 Qe3+ 32. Kf1 Qf3+ 33. Ke1 c5
34. b3 b5 35. a4 c4 36. bxc4 bxc4 37. Nxf4 Qxf4 38. Ke2 Kf7 39. c3 Ke6 40. a5
Ke5 41. a6 Ke4 42. h4 Qh2+ 43. Kd1 Kd3 44. Kc1 Qc2# {White checkmated} 0-1

[Event "Team 45 45 League T51"]
[Site "Internet Chess Club"]
[Date "2011.11.24"]
[Round "3"]
[White "Goldenberg"]
[Black "tcianciola"]
[Result "1-0"]
[WhiteElo "1431"]
[BlackElo "1196"]
[Opening "Sicilian defense"]
[ECO "B20"]
[Time "08:00:24"]
[TimeControl "2700+45"]

1. e4 c5 2. b3 Nc6 3. Bb2 d6 4. Nf3 Nf6 5. Nc3 g6 6. Nd5 Bg7 7. Nxf6+ exf6 8.
Bc4 O-O 9. O-O Re8 10. Re1 Bg4 11. h3 Bxf3 12. Qxf3 Ne5 13. Qc3 Nxc4 14. Qxc4
Qd7 15. Rad1 b5 16. Qe2 d5 17. Qf3 dxe4 18. Rxe4 f5 19. Rxe8+ Rxe8 20. Bxg7 Kxg7
21. Qc3+ Kg8 22. Qxc5 Rc8 23. Qe3 Rxc2 24. a3 a5 25. d4 Qd6 26. Qe8+ Kg7 27.
Qxb5 Qxa3 28. d5 Qa2 29. Rf1 Rd2 30. Qc4 a4 31. Qc3+ Kg8 32. bxa4 Qxd5 33. Re1
Rd1 34. a5 Rxe1+ 35. Qxe1 Qa8 36. Qb4 Qc8 37. Qb6 Qc1+ 38. Kh2 Qf4+ 39. g3 Qd2
40. a6 Qa2 41. a7 Kg7 42. Qd4+ Kh6 43. Kg2 g5 44. Qb6+ Kh5 45. Qb7 {Black
resigns} 1-0

[Event "Team 45 45 League T51"]
[Site "Internet Chess Club"]
[Date "2011.11.27"]
[Round "3"]
[White "sere"]
[Black "irock2011"]
[Result "1-0"]
[WhiteElo "1257"]
[BlackElo "1285"]
[Opening "Ruy Lopez: Berlin defense"]
[ECO "C65"]
[Time "12:30:59"]
[TimeControl "2700+45"]

1. e4 e5 2. Nf3 Nc6 3. Bb5 Nf6 4. Bxc6 dxc6 5. Nxe5 Bd6 6. Nf3 Bg4 7. O-O Nxe4
8. Re1 Qe7 9. d3 O-O 10. dxe4 Rad8 11. Qe2 Qf6 12. Bg5 Qxb2 13. Bxd8 Qxa1 14.
Nbd2 Qxa2 15. Bg5 Qxc2 16. e5 Bc5 17. Qc4 Qxc4 18. Nxc4 b5 19. Ne3 Bxf3 20. gxf3
a5 21. Rc1 Bd4 22. Bf4 c5 23. Nf5 Bb2 24. Rxc5 Rb8 25. Rxc7 a4 26. Rc5 a3 27. e6
Rb6 28. Rc8# {Black checkmated} 1-0

[Event "Team 45 45 League T51"]
[Site "Internet Chess Club"]
[Date "2011.11.25"]
[Round "3"]
[White "LazyPeon"]
[Black "pauliewoll"]
[Result "1-0"]
[WhiteElo "1762"]
[BlackElo "1628"]
[Opening "QGD: classical variation (5.Bf4)"]
[ECO "D37"]
[Time "13:00:42"]
[TimeControl "2700+45"]

1. d4 Nf6 2. c4 e6 3. Nf3 d5 4. Nc3 Be7 5. Bf4 O-O 6. e3 c5 7. Nb5 Na6 8. cxd5
exd5 9. dxc5 Bxc5 10. a3 Bg4 11. Be2 Rc8 12. O-O Ne4 13. Nbd4 Nc7 14. Rc1 Bb6
15. b4 Ne6 16. Be5 Nxd4 17. Bxd4 Bxd4 18. Qxd4 b6 19. Rxc8 Bxc8 20. Rd1 Bb7 21.
Rc1 Nd6 22. Qc3 Qc8 23. Qd2 Qd7 24. Nd4 Rc8 25. Rd1 Qa4 26. Qa2 Nb5 27. Nxb5 Rc2
28. Qb1 Rxe2 29. Nc3 Qc2 30. Nxe2 Qxe2 31. Rc1 {Black resigns} 1-0

[Event "Team 45 45 League T51"]
[Site "Internet Chess Club"]
[Date "2011.11.25"]
[Round "3"]
[White "Buford-Julep"]
[Black "ticopatzer"]
[Result "0-1"]
[WhiteElo "1681"]
[BlackElo "1701"]
[Opening "Ruy Lopez: Archangelsk (counterthrust) variation"]
[ECO "C78"]
[Time "14:30:51"]
[TimeControl "2700+45"]

1. e4 e5 2. Nf3 Nc6 3. Bb5 a6 4. Ba4 Nf6 5. O-O b5 6. Bb3 Bb7 7. c3 Nxe4 8. Re1
Nc5 9. Bc2 d6 10. d4 Nd7 11. dxe5 dxe5 12. Nxe5 Ndxe5 13. Qxd8+ Kxd8 14. Rd1+
Bd6 15. Nd2 g6 16. Ne4 Kd7 17. Bg5 f5 18. Nxd6 cxd6 19. Bb3 Nc4 20. Bf4 Rae8 21.
Bxc4 bxc4 22. Rxd6+ Kc8 23. Kf1 Re4 24. Be3 Rhe8 25. Rad1 Ne5 26. Bb6 Nd3 {White
resigns} 0-1

[Event "Team 45 45 League T51"]
[Site "Internet Chess Club"]
[Date "2011.11.28"]
[Round "3"]
[White "vigneshv"]
[Black "SirIvanhoe"]
[Result "1/2-1/2"]
[WhiteElo "1564"]
[BlackElo "1506"]
[Opening "QGD Slav defense: exchange variation"]
[ECO "D10"]
[Time "20:00:11"]
[TimeControl "2700+45"]

1. d4 d5 2. c4 c6 3. cxd5 cxd5 4. Nc3 e6 5. Nf3 Nc6 6. Bf4 Nf6 7. e3 Bb4 8. Bd3
O-O 9. O-O a6 10. Rc1 Bd7 11. Qc2 Re8 12. Bg5 g6 13. e4 dxe4 14. Nxe4 Be7 15.
Nc5 Qc8 16. Nxd7 Qxd7 17. Be3 Rac8 18. Qd2 Nd5 19. Ne5 Nxe5 20. dxe5 Nxe3 21.
Qxe3 Rxc1 22. Rxc1 Rc8 23. Rxc8+ Qxc8 24. g3 Qc5 25. Qxc5 Bxc5 26. Kg2 Bd4 27.
b3 Bxe5 28. Kf3 Bd4 29. Kg2 Kf8 30. f3 e5 31. g4 f6 32. Kf1 Kg7 33. Kg2 Kh6 34.
h4 Kg7 35. Kf1 g5 36. h5 h6 37. Kg2 Kf8 38. Kf1 Ke7 39. Ke2 Kd6 40. Kd1 Kc5 41.
Kc1 Kb4 42. Kd2 a5 43. Kc2 a4 44. bxa4 Kxa4 45. Kb1 Kb4 46. Kc2 b6 47. Be4 b5
48. Bd3 Ka4 49. Kb1 b4 50. Be4 b3 51. axb3+ Kxb3 52. Kc1 Kc3 53. Kd1 {Game drawn
by mutual agreement} 1/2-1/2

[Event "Team 45 45 League T51"]
[Site "Internet Chess Club"]
[Date "2011.11.28"]
[Round "3"]
[White "CKNIGHT3"]
[Black "realchess"]
[Result "0-1"]
[WhiteElo "1511"]
[BlackElo "1732"]
[Opening "King's Indian: Sämisch, 5...O-O"]
[ECO "E81"]
[Time "22:00:35"]
[TimeControl "2700+45"]

1. d4 Nf6 2. c4 g6 3. Nc3 Bg7 4. e4 d6 5. f3 O-O 6. Be3 c6 7. Qd2 e5 8. d5 c5 9.
O-O-O Bd7 10. g4 a6 11. h4 b5 12. cxb5 axb5 13. Bxb5 Bxb5 14. Nxb5 Rxa2 15. Na3
Ra1+ 16. Kc2 Rxd1 17. Kxd1 Na6 18. h5 Qb6 19. hxg6 fxg6 20. Nh3 Qb3+ 21. Ke2 Rb8
22. Rb1 Nb4 23. Qc3 Qa4 24. Nf2 Qa6+ 25. Qc4 Qb7 26. f4 exf4 27. Bxf4 Qe7 28.
Kf1 Re8 29. Re1 Kh8 30. Nb5 Rd8 31. Bg5 Qe5 32. Bc1 Nd7 33. g5 Nb6 34. Qc3 Qe8
35. Qd2 Qxb5+ 36. Kg1 Bd4 37. Kg2 Rf8 38. Ng4 Qd7 39. Kg3 Qf7 40. Qe2 Nd7 41.
Kg2 Ne5 42. Nf6 Nbd3 43. Rf1 Nxc1 44. Rxc1 Nd7 45. Ng4 Qe7 46. Rg1 Qxg5 47. Rf1
Rxf1 48. Kxf1 Qf4+ 49. Kg2 Ne5 50. Nxe5 Bxe5 51. Qc4 Qg3+ 52. Kf1 Bd4 53. Qc2
Qg1+ 54. Ke2 Qf2+ 55. Kd3 c4+ 56. Kxc4 Qxc2+ 57. Kxd4 Qxb2+ 58. Kc4 Qe5 59. Kd3
h5 60. Ke3 h4 61. Kf3 h3 62. Kf2 Qxe4 63. Kg3 Qg2+ 64. Kf4 h2 65. Ke3 h1=R 66.
Kd4 Qg4+ 67. Ke3 Rh3+ 68. Kf2 Qf3+ 69. Ke1 Rh1+ 70. Kd2 Rd1+ 71. Kc2 Qd3+ 72.
Kb2 Rb1+ 73. Ka2 Qb3# {White checkmated} 0-1

[Event "Team 45 45 League T51"]
[Site "Internet Chess Club"]
[Date "2011.11.27"]
[Round "3"]
[White "Ivio"]
[Black "room-matt"]
[Result "0-1"]
[WhiteElo "1717"]
[BlackElo "1702"]
[Opening "Queen's gambit accepted"]
[ECO "D20"]
[Time "13:00:38"]
[TimeControl "2700+45"]

1. d4 d5 2. c4 dxc4 3. Nc3 a6 4. a4 e5 5. dxe5 Qxd1+ 6. Nxd1 Nc6 7. Nf3 Be6 8.
e4 Nge7 9. Ng5 Nxe5 10. Nxe6 fxe6 11. Be3 N7c6 12. Be2 Bb4+ 13. Nc3 O-O-O 14.
O-O Nd4 15. Bxd4 Rxd4 16. f3 Rd2 17. Rfe1 Rxb2 18. Rac1 Rd8 19. Bf1 Rdd2 20. Nb1
Nxf3+ 21. Kh1 Nxe1 22. Rxe1 Rf2 23. Rc1 c3 24. Nxc3 Bxc3 25. h3 Bd2 26. Rd1 Be3
27. Kh2 Bf4+ 28. Kg1 c5 29. Re1 Kc7 30. Bc4 Rxg2+ 31. Kh1 Rh2+ 32. Kg1 Rbg2+ 33.
Kf1 Rg6 34. e5 Rxh3 35. Re4 Bd2 36. Re2 Bc3 37. Rf2 Bxe5 38. Rf7+ Kb6 39. Re7
Rf3+ 40. Ke2 Rf4 41. Bxe6 Rxa4 42. Bd5 Bc7 43. Re3 Rb4 44. Rh3 h6 45. Re3 Rd6
46. Bg8 Rb2+ 47. Kf3 h5 48. Re4 g5 49. Bh7 g4+ 50. Ke3 g3 51. Re8 g2 52. Rg8 Rd1
53. Rg6+ Kb5 54. Rxg2 Rxg2 55. Be4 Rb2 56. Bxb7 h4 57. Bf3 Re1+ 58. Kd3 Ba5 59.
Bg4 Rd2# {White checkmated} 0-1

[Event "Team 45 45 League T51"]
[Site "Internet Chess Club"]
[Date "2011.11.27"]
[Round "3"]
[White "chrisgianno"]
[Black "krysto"]
[Result "0-1"]
[WhiteElo "1569"]
[BlackElo "1616"]
[Opening "Queen's gambit declined"]
[ECO "D35"]
[Time "12:13:24"]
[TimeControl "2700+45"]

1. d4 e6 2. c4 d5 3. cxd5 exd5 4. Nc3 Nf6 5. Nf3 Be7 6. Bg5 O-O 7. e3 c6 8. Bd3
Nbd7 9. O-O Re8 10. Re1 Nf8 11. Rc1 Ne6 12. Qc2 g6 13. e4 dxe4 14. Nxe4 Nxe4 15.
Bxe7 Qxe7 16. Rxe4 Qf8 17. Rh4 Ng7 18. Ng5 h5 19. Ne4 Qe7 20. Rf4 Bf5 21. Ng3
Bxd3 22. Qxd3 Rad8 23. h4 Qb4 24. Rc2 Ne6 25. Rf6 Kg7 26. Qf3 Rf8 27. Nxh5+ gxh5
28. Rc3 Qxd4 29. Rf5 Qd1+ 30. Qxd1 Rxd1+ 31. Kh2 Kg6 32. Ra5 a6 33. Rg3+ Kh6 34.
Rf3 Rd5 35. Raa3 f5 36. Rae3 Ng7 37. Re7 b5 38. Rg3 Rg8 39. Ra7 Rd2 40. Rxa6 Rd6
41. Ra7 Rg6 42. Rxg6+ Kxg6 43. Rc7 Ra8 44. Rxc6+ Kf7 45. Rc7+ Kf6 46. a3 Rb8 47.
Kg3 Ne6 48. Rc6 Ke5 49. f3 Rb7 50. Kf2 Rc7 51. Rxc7 Nxc7 52. Ke3 f4+ 53. Kd3 Kd5
54. Kc3 Na6 55. b4 Nb8 56. Kd3 Nd7 57. Kc3 Ne5 58. Kb3 Nd3 59. a4 bxa4+ 60. Kxa4
Kc6 61. Kb3 Ne1 62. Kc4 Nxg2 63. Kd4 Nxh4 64. Ke5 Ng6+ 65. Kf5 h4 66. Kg4 Kb5
67. Kh3 Kxb4 68. Kg4 Kc3 69. Kh3 Kd3 70. Kg4 Ke2 71. Kh3 {White resigns} 0-1

[Event "Team 45 45 League T51"]
[Site "Internet Chess Club"]
[Date "2011.11.27"]
[Round "3"]
[White "Berke"]
[Black "beitmery"]
[Result "0-1"]
[WhiteElo "1587"]
[BlackElo "1602"]
[Opening "French: advance, Milner-Barry gambit"]
[ECO "C02"]
[Time "16:13:38"]
[TimeControl "2700+45"]

1. e4 e6 2. d4 d5 3. e5 c5 4. c3 Nc6 5. Nf3 Qb6 6. Bd3 cxd4 7. cxd4 Bd7 8. O-O
Nxd4 9. Nxd4 Qxd4 10. Nc3 Qxe5 11. Re1 Qb8 12. Nxd5 Bd6 13. Qg4 Bxh2+ 14. Kh1
Be5 15. Qg5 Bd4 16. Bf4 Bf6 17. Nxf6+ gxf6 18. Qg3 e5 19. Qg7 Qd6 20. Qxh8 Kf8
21. Bh6+ Ke7 22. Red1 Qd4 23. Qxh7 Qh4+ 24. Kg1 Nxh6 25. Bg6 Rg8 26. Bxf7 Rxg2+
27. Kf1 Qh1+ 28. Ke2 Bg4+ 29. Kd2 Rxf2+ 30. Kc3 Qh3+ 31. Rd3 Qxd3+ 32. Kxd3 Bf5+
33. Ke3 Bxh7 34. Kxf2 Kxf7 35. Rc1 Be4 36. Ke3 Bc6 {White resigns} 0-1

[Event "Team 45 45 League T51"]
[Site "Internet Chess Club"]
[Date "2011.11.29"]
[Round "3"]
[White "bookseller"]
[Black "milesotoole"]
[Result "0-1"]
[WhiteElo "1528"]
[BlackElo "1550"]
[Opening "Sicilian: Alapin's variation (2.c3)"]
[ECO "B22"]
[Time "13:03:20"]
[TimeControl "2700+45"]

1. e4 c5 2. c3 d5 3. exd5 Qxd5 4. d4 Nf6 5. Nf3 e6 6. Be2 Be7 7. O-O O-O 8. c4
Qd8 9. Nc3 cxd4 10. Nxd4 e5 11. Nf3 Nc6 12. Bg5 Bf5 13. a3 Qc7 14. Nh4 Rad8 15.
Qc1 Bd3 16. Bxd3 Rxd3 17. Bxf6 Bxf6 18. Nd5 Qd8 19. Nf3 e4 20. Nxf6+ Qxf6 21.
Qc2 Rfd8 22. Ne1 Rd2 23. Qxe4 Rxb2 24. Nf3 Nd4 25. Nxd4 Qxd4 26. Qxd4 Rxd4 27.
Rfd1 Rdd2 28. Rxd2 Rxd2 29. Rb1 Rc2 30. Kf1 b6 31. a4 Rxc4 32. a5 Rc6 33. Rd1
Kf8 34. Rd8+ Ke7 35. Ra8 Rc7 36. a6 Kd7 37. Rg8 Kd6 38. Rxg7 h6 39. Rh7 b5 40.
Rxh6+ Kc5 41. Rh4 b4 42. Ke2 Rc6 43. Kd3 Rd6+ 44. Kc2 Rxa6 45. Rf4 f6 46. Kb2
Rd6 47. h4 a5 48. h5 Rd2+ 49. Kb3 Rd3+ 50. Kc2 Rc3+ 51. Kb2 a4 52. Rf5+ Kc4 53.
Rf4+ Kc5 54. Rf5+ Kc4 55. Rf4+ Kd3 56. Rxb4 Rc2+ 57. Ka3 Rxf2 58. Kxa4 Rxg2 59.
Rh4 Rg8 60. h6 Rh8 61. h7 f5 62. Kb5 Ke3 63. Kc5 f4 64. Rh3+ f3 65. Kd5 Ke2 66.
Ke4 f2 67. Re3+ Kf1 68. Kf3 Rxh7 69. Kg3 Kg1 70. Rf3 f1=Q 71. Rf5 Qd3+ 72. Kg4
Qxf5+ 73. Kxf5 Rh4 74. Kg5 Ra4 75. Kf5 Kf2 76. Ke5 Ke3 77. Kd5 Rh4 78. Kc5 Kd3
79. Kb5 Kc3 80. Ka5 Kb3 81. Kb6 Rh5 82. Kc6 Kb4 83. Kd6 Kc4 84. Ke6 Kd4 85. Kf6
Ke4 86. Kg6 Ra5 87. Kf6 Rb5 88. Kg6 Kf4 89. Kh6 Kg4 90. Kg6 Rb6+ 91. Kf7 Kg5 92.
Ke7 Kf5 93. Kd7 Ke5 94. Kc7 Rh6 95. Kd7 Rg6 96. Kc7 Kd5 97. Kb7 Kc5 98. Ka7 Kb5
99. Kb7 Rg7+ 100. Kc8 Kb6 101. Kd8 Kc6 102. Ke8 Kd6 103. Kf8 Ra7 104. Ke8 Rb7
105. Kf8 Ke6 106. Kg8 Kf6 107. Kh8 Kg6 108. Kg8 Rb8# {White checkmated} 0-1